 Dungeon Crawl Stone Soup version 0.25-a0-766-g0ecfff5982 (webtiles) character file.

Game seed: 1689462145950208408, levelgen mode: deterministic

589 dzhemaptula the Magician (level 7, -9/32 HPs)
             Began as a Spriggan Conjurer on Apr 13, 2020.
             Shot with an arrow by a centaur (12 damage)
             ... on level 5 of the Dungeon on Oct 3, 2020.
             The game lasted 00:15:51 (7488 turns).

dzhemaptula the Magician (Spriggan Conjurer)        Turns: 7488, Time: 00:15:52

Health: -9/32      AC:  5    Str:  8    XL:     7   Next: 15%
Magic:  13/17      EV: 19    Int: 18    God:
Gold:   166        SH:  0    Dex: 17    Spells: 17/18 levels left

rFire    . . .     SeeInvis +   l - +0 falchion
rCold    . . .     Gourm    .   (shield restricted)
rNeg     . . .     Faith    .   a - +0 robe
rPois    .         Spirit   .   (helmet restricted)
rElec    .         Reflect  .   j - +2 cloak
rCorr    .         Harm     .   (gloves unavailable)
MR       +....                  (boots unavailable)
Stlth    +++.......             (no amulet)
HPRegen  0.10/turn              g - +4 ring of strength
MPRegen  0.15/turn              (no ring)

@: very quick
A: very small, unfitting armour, see invisible, herbivore, speed 3, slow
metabolism 2
a: no special abilities


You were on level 5 of the Dungeon.
You were near starving.

You visited 1 branch of the dungeon, and saw 5 of its levels.

You collected 166 gold pieces.

Inventory:

Hand Weapons
 l - a +0 falchion (weapon)
Armour
 a - a +0 robe (worn)
 j - a +2 cloak (worn)
Jewellery
 g - a +4 ring of strength (left hand)
 t - an uncursed ring of fire {unknown}
Scrolls
 d - a scroll of enchant weapon {unknown}
 e - 4 scrolls of remove curse
 f - 9 scrolls of identify {unknown}
 i - a scroll of noise {unknown}
 m - a scroll of immolation {unknown}
 n - a scroll of magic mapping {unknown}
 o - a scroll of blinking {unknown}
 p - a scroll of teleportation {unknown}
 q - a scroll of enchant armour {unknown}
Potions
 b - a potion of heal wounds
 h - 2 potions of berserk rage {unknown}
 k - 2 potions of curing {unknown}
 r - a potion of resistance {unknown}
 s - a potion of mutation {unknown}
 u - a potion of cancellation {unknown}
 v - a potion of flight {unknown}
Comestibles
 c - 6 rations


   Skills:
 - Level 0.3 Fighting
 + Level 0.3 Long Blades
 + Level 3.7 Dodging
 + Level 4.3 Stealth
 - Level 1.4 Unarmed Combat
 + Level 6.0 Spellcasting
 + Level 4.8 Conjurations


You had 17 spell levels left.
You knew the following spells:

 Your Spells              Type           Power        Failure   Level  Hunger
a - Magic Dart            Conj           ###.         1%          1    None

Your spell library contained the following spells:

 Spells                   Type           Power        Failure   Level  Hunger
 Searing Ray              Conj           ###...       2%          2    None
 Dazzling Flash           Conj/Hex       ##....       13%         3    ##.....
 Fulminant Prism          Conj/Hex       ##........   41%         4    ####...
 Iskenderun's Mystic Bla  Conj/Tloc      ##......     41%         4    ####...


Dungeon Overview and Level Annotations

Branches:
Dungeon (5/15)
 Temple: D:4-7

Altars:
Gozag
Okawaru
Qazlal

Shops:
D:4 }


Innate Abilities, Weirdness & Mutations

You are very small and have problems with some larger weapons.
You are too small for most types of armour.
You have supernaturally acute eyesight. (SInv)
You are a herbivore.
You cover ground extremely quickly.
You need to consume almost no food.


Message History

Aiming: Magic Dart (safe; 1% risk of failure)
Press: ? - help, Shift-Dir - straight line, f/p - centaur
Aim: a centaur, wielding a +0 shortbow and quivering 19 arrows (heavily wounded)
The magic dart hits the centaur.
The centaur is severely wounded.
The centaur shoots an arrow.
The arrow hits you.
* * * LOW HITPOINT WARNING * * *
The centaur shoots an arrow.
The arrow hits you!
* * * LOW HITPOINT WARNING * * *
Unknown command.
Casting: Magic Dart (safe; 1% risk of failure)
Confirm with . or Enter, or press ? or * to list all spells.
Aiming: Magic Dart (safe; 1% risk of failure)
Press: ? - help, Shift-Dir - straight line, f/p - centaur
Aim: a centaur, wielding a +0 shortbow and quivering 17 arrows (severely wounded)
Okay, then.
The centaur shoots an arrow.
The arrow hits you!
Bones file is buggy: /crawl-master/crawl-git/saves/bones/bones.store.D-5 Clearing bad bones file: /crawl-master/crawl-git/saves/bones/bones.store.D-5 You die...

#. #.##### #.(.c.#
#####.# #.# #.#
##+# #.# ##...##
#.# #.....##
####@# .......##
##.##.#
........####...#.#
........'))†.....#
........###....###
.......## #.#.##
#.....## #.###
##...## #.# ##'##
#.#


You could see a centaur.

Vanquished Creatures
  A hippogriff (D:5)
  An ogre (D:3)
  A scorpion (D:2)
  A hound (D:4)
  2 orc priests (D:3)
  2 worker ants
  An orc wizard (D:2)
  A hound skeleton (D:5)
  A worker ant zombie (D:4)
  3 adders
  3 worms
  A dart slug (D:1)
  2 leopard geckos (D:3)
  13 orcs
  A bat (D:1)
  3 giant cockroaches
  3 goblins
  2 hobgoblins
  3 jackals (D:2)
  8 kobolds
  A quokka (D:2)
  8 frilled lizards
  A leopard gecko skeleton (D:4)
  29 rats
92 creatures vanquished.

Notes
Turn   | Place    | Note
-------+----------+-------------------------------------------
     0 | D:1      | dzhemaptula the Spriggan Conjurer began the quest for the
                  | Orb.
     0 | D:1      | Reached XP level 1. HP: 9/9 MP: 5/5
   376 | D:1      | Reached XP level 2. HP: 11/13 MP: 1/6
   444 | D:1      | Reached skill level 3 in Spellcasting
   918 | D:1      | Found a stormy altar of Qazlal.
  1692 | D:2      | Reached XP level 3. HP: 8/16 MP: 0/8
  2296 | D:2      | Noticed a scorpion
  2331 | D:2      | Killed a scorpion
  2331 | D:2      | Reached XP level 4. HP: 20/21 MP: 0/10
  3601 | D:3      | Noticed an ogre
  3610 | D:3      | Killed an ogre
  3610 | D:3      | Reached skill level 1 in Unarmed Combat
  3610 | D:3      | Reached skill level 4 in Spellcasting
  3610 | D:3      | Reached XP level 5. HP: 24/24 MP: 2/12
  5438 | D:3      | Found an iron altar of Okawaru.
  5446 | D:3      | Reached XP level 6. HP: 29/29 MP: 8/14
  5771 | D:3      | Reached skill level 5 in Spellcasting
  6159 | D:3      | Found an opulent altar of Gozag.
  6309 | D:4      | Found Woigej's Gadget Shop.
  7034 | D:5      | Entered Level 5 of the Dungeon
  7116 | D:5      | Noticed a hippogriff
  7125 | D:5      | Killed a hippogriff
  7125 | D:5      | Reached skill level 6 in Spellcasting
  7125 | D:5      | Reached XP level 7. HP: 24/32 MP: 7/17
  7488 | D:5      | Shot with an arrow by a centaur

Levels and vault maps discovered:
D:1:      lightli_arrival_isolated_outpost, layout_loops_ring,
          serial_bayou_pond_e, kennysheep_flooded_box
D:2:      layout_basic, minmay_rat_hole
D:3:      layout_basic, nicolae_gozag_cash_rules_everything_around_me,
          okawaru_trees_1
D:4:      layout_loops_cross, serial_shops, nicolae_shop_crystal
D:5:      layout_loops_corners, first_ration, kennysheep_slug_shrine

Skill      XL: |  1  2  3  4  5  6 |
---------------+-------------------+-----
Conjurations   | 3 4 |  4.8
Spellcasting   | 3 4 6 |  6.0
Stealth        | 4 |  4.3
Unarmed Combat | 1 |  1.4
Fighting       | |  0.3
Long Blades    | |  0.3
Dodging        | |  3.7

Action                   |  1- 3 |  4- 6 |  7- 9 || total
-------------------------+-------+-------+-------++-------
Melee: Unarmed           |    65 |    42 |       ||   107
       Punch             |       |     1 |       ||     1
       Falchion          |       |     7 |     3 ||    10
 Cast: Magic Dart        |    68 |   189 |    27 ||   284
  Use: Scroll            |     1 |       |       ||     1
       Potion            |     1 |       |       ||     1
 Stab: Distracted        |     1 |       |       ||     1
  Eat: Ration            |       |     1 |       ||     1
Armor: Robe              |     9 |    10 |     1 ||    20
Dodge: Dodged            |    57 |    64 |    11 ||   132
       Rpst.: Falchion   |       |     4 |     2 ||     6

Table legend:
 A = Non-vault XP
 B = Vault XP
 C = Vault XP percentage of total XP
 D = Non-vault monster count
 E = Vault monster count
 F = Vault count percentage of total count
                 A         B        C        D         E       F
            +---------+---------+-------+---------+---------+-------
      Total |     822 |      20 |   2.4 |      73 |      19 |  20.7
            +---------+---------+-------+---------+---------+-------
        D:1 |      24 |       0 |   0.0 |      14 |       0 |   0.0
        D:2 |     141 |      20 |  12.4 |      16 |      19 |  54.3
        D:3 |     278 |       0 |   0.0 |      30 |       0 |   0.0
        D:4 |      93 |       0 |   0.0 |       5 |       0 |   0.0
        D:5 |     286 |       0 |   0.0 |       8 |       0 |   0.0
            +---------+---------+-------+---------+---------+-------
